 Dungeon Crawl Stone Soup version 0.17-a0-1115-g0372368 (webtiles) character file.

109 vonhedlund the Shooter (level 4, 0/30 HPs)
             Began as a High Elf Hunter on May 22, 2015.
             Slain by an orc
             ... wielding a +0 whip
              (3 damage)
             ... on level 2 of the Dungeon.
             The game lasted 00:18:35 (1911 turns).

vonhedlund the Shooter (High Elf Hunter)            Turns: 1911, Time: 00:18:35

Health: 0/30       AC:  3    Str: 11    XL:     4   Next: 60%
Magic:  5/5        EV: 13    Int: 14    God:
Gold:   129        SH:  0    Dex: 17    Spells: 0 memorised, 3 levels left

rFire  . . .     SeeInvis .     a - +0 short sword
rCold  . . .     Clarity  .     d - +0 leather armour
rNeg   . . .     SustAt   .     (no shield)
rPois  .         Gourm    .     (no helmet)
rElec  .         Spirit   .     (no cloak)
rCorr  .         Warding  .     (no gloves)
rMut   .         Stasis   .     (no boots)
MR     .....                    (no amulet)
Stlth  ++........               (no ring)
                                (no ring)

@: not resistant to hostile enchantments, unstealthy
A: no striking features
a: no special abilities


You were on level 2 of the Dungeon.
You were not hungry.

You visited 1 branch of the dungeon, and saw 3 of its levels.

You collected 129 gold pieces.

Inventory:

Hand weapons
 a - a +0 short sword (weapon)
 b - a +1 shortbow
 t - a +0 rapier
Missiles
 c - 45 arrows
 n - a throwing net (quivered)
Armour
 d - a +0 leather armour (worn)
Scrolls
 f - a scroll of remove curse {unknown}
 h - 2 scrolls of identify
 i - a scroll of enchant armour {unknown}
 m - a scroll of fear {unknown}
 o - a scroll of random uselessness {unknown}
 q - a scroll of amnesia {unknown}
 w - a scroll of immolation {unknown}
 x - a scroll of fog {unknown}
Potions
 g - a potion of agility {unknown}
 j - a potion of mutation {unknown}
 l - a potion of degeneration {unknown}
 p - 2 potions of invisibility
 r - a potion of haste {unknown}
 u - a potion of might {unknown}
Comestibles
 e - 2 bread rations
 s - a meat ration


   Skills:
 + Level 2.3 Fighting
 - Level 0.2 Short Blades
 - Level 7.0 Bows
 - Level 0.6 Armour
 + Level 3.2 Dodging
 - Level 1.1 Stealth


You had 3 spell levels left.
You didn't know any spells.

Dungeon Overview and Level Annotations

Branches:
Dungeon (3/15)

Altars:

Annotations:
D:3 Virusyak's ghost, average DrTm


Message History

The orc barely misses you.
You climb upwards.
There is a stone staircase leading down here.
You hit the orc.
The orc is severely wounded.
The orc hits you with a whip. The orc hits you with a trident.
You barely miss the orc.
The orc is severely wounded.
The orc hits you with a whip. The orc hits you with a trident.
You hit the orc but do no damage.
The orc is severely wounded.
The orc misses you. x2
The orc hits you with a whip.
* * * LOW HITPOINT WARNING * * *
The orc barely misses you. The orc hits you but does no damage.
The orc hits you from afar with a trident.
* * * LOW HITPOINT WARNING * * *
The orc hits you with a whip.
You die...

.# #.#..........###..############
. #.#..........###...........)..
.###.#...........##.############.
.....#.......#...##.# #.
#####........#...##.# #.
#)...........#...##.# #.
...........[.#...##.# #.
.....<...#'####..##.# #.
.........#.# ##@##.###### #.
.........#.# #o##.##...#######.
#....###...# #o.#.##......(....
...†.# ##### ##.#.#....())#####
.....# #.#.#.......# .....#
#...#....)(.# .....#
##..####'#### .....# #........#
###### #........#


You could see 2 orcs.

Vanquished Creatures
  3 adders
  3 oozes (D:1)
  A worm (D:1)
  2 orcs (D:2)
  4 giant cockroaches (D:1)
  7 goblins
  6 hobgoblins
  5 jackals (D:1)
  11 kobolds
  A ball python (D:2)
  7 bats
  2 giant geckos (D:2)
  A giant newt (D:2)
  11 rats
64 creatures vanquished.

Notes
Turn   | Place    | Note
--------------------------------------------------------------
     0 | D:1      | vonhedlund the High Elf Hunter began the quest for the Orb.
     0 | D:1      | Reached XP level 1. HP: 14/14 MP: 2/2
     1 | D:1      | Found a runed door.
   199 | D:1      | Reached XP level 2. HP: 14/19 MP: 3/3
   528 | D:1      | Reached skill level 6 in Bows
   830 | D:1      | Reached XP level 3. HP: 13/24 MP: 4/4
  1182 | D:2      | Reached XP level 4. HP: 24/29 MP: 5/5
  1291 | D:2      | Reached skill level 7 in Bows
  1816 | D:3      | Noticed Virusyak's ghost (average DrTm)
  1911 | D:2      | Slain by an orc

Vault maps used:
D:1:      dpeg_arrival_caged_fury, dk_noncrumbling_3
D:3:      grunt_temple_overflow_gold_and_silver

Action                   |  1- 3 |  4- 6 || total
-------------------------+-------+-------++-------
Melee: Short sword       |    28 |    59 ||    87
       Rapier            |       |    22 ||    22
 Fire: Shortbow          |    79 |    13 ||    92
Throw: Throwing net      |       |     1 ||     1
  Use: Scroll            |       |     1 ||     1
 Stab: Sleeping          |       |     1 ||     1
  Eat: Chunk             |     1 |     2 ||     3
